 Dungeon Crawl Stone Soup version 0.30.0 (webtiles) character file.

Game seed: 16103019045402589364

3013 PurpleRed the Destroyer (level 10, -2/69 HPs)
             Began as a Meteoran Conjurer on May 13, 2023.
             Killed from afar by an electric eel (4 damage)
             ... with a bolt of electricity
             ... on level 5 of the Dungeon.
             The game lasted 00:16:45 (2621 turns).

PurpleRed the Destroyer (Meteoran Conjurer)         Turns: 2621, Time: 00:16:45

Health: -2/69      AC: 11    Str:  8    XL:     10   Next: 31%
Magic:  26/26      EV: 12    Int: 24    God:
Gold:   262        SH:  0    Dex: 14    Spells: 20/31 levels left

rFire   . . .        r - +11 Singing Sword {sonic wave}
rCold   . . .        (no shield)
rNeg    . . .        i - +0 steam dragon scales
rPois   .            v - +1 helmet
rElec   .            k - +0 cloak
rCorr   .            u - +2 pair of gloves
SInv    .            (no boots)
Will    +....        (no amulet)
Stlth   +            (no ring)
HPRegen 0.31/turn    (no ring)
MPRegen 0.20/turn

%: no passive effects
@: glowing
A: sense surroundings 2, otherworldly, glowing, explore regen
a: no special abilities


You were on level 5 of the Dungeon.
You visited 1 branch of the dungeon, and saw 8 of its levels.

You collected 262 gold pieces.

Inventory:

Hand Weapons
 d - a +0 dagger
 g - a +0 short sword
 j - a +2 short sword of venom
 l - a +2 dagger of venom
 r - the +11 Singing Sword (weapon) {sonic wave}
   (You found it on level 6 of the Dungeon)
 x - a +4 long sword
Missiles
 s - 24 poisoned darts
Armour
 a - a +0 robe
 i - +0 steam dragon scales (worn)
 k - a +0 cloak (worn)
 q - a scarf of harm
 u - a +2 pair of gloves (worn)
 v - a +1 helmet (worn)
Jewellery
 n - an amulet of reflection
 w - an amulet of the acrobat
Scrolls
 h - a scroll of blinking
 o - 3 scrolls of poison
Potions
 b - 3 potions of magic
 c - 3 potions of degeneration
 e - a potion of brilliance
 f - 2 potions of lignification
 m - 7 potions of curing
 p - a potion of cancellation
 t - a potion of invisibility
 z - a potion of might
 A - a potion of flight
 B - a potion of ambrosia
 C - a potion of attraction


   Skills:
 - Level 2.4 Dodging
 - Level 1.4 Stealth
 + Level 11.3 Spellcasting
 + Level 12.0 Conjurations
 - Level 3.0 Hexes


You had 20 spell levels left.
You knew the following spells:

 Your Spells              Type           Power      Damage    Failure   Level
a - Magic Dart            Conj           100%       1d8       1%          1
b - Searing Ray           Conj           100%       2d8       1%          2
c - Fulminant Prism       Conj/Hex       24%        3d12      1%          4
d - Iskenderun's Mystic   Conj/Tloc      42%        2d10      3%          4

Your spell library contained the following spells:

 Spells                   Type           Power      Damage    Failure   Level
 Dazzling Flash           Conj/Hex       98%        N/A       1%          3
 Mephitic Cloud           Conj/Pois/Air  32%        N/A       2%          3
 Poisonous Vapours        Pois/Air       26%        N/A       7%          2
 Freezing Cloud           Conj/Ice/Air   16%        6-21      24%         5


Dungeon Overview and Level Annotations

Branches:
Dungeon (8/15) Zot: 2158   Temple (0/1) D:5
   Lair: D:8-11

Altars:
Elyvilon
Nemelex Xobeh
Okawaru
Trog
Yredelemnul
Zin

Annotations:
D:3 3 runed translucent doors, Caerwyn's ghost, amateur DjEE
D:5 2 runed translucent doors, PublicAnimeNo1's ghost, novice NaEn
D:7 Maggie


Innate Abilities, Weirdness & Mutations

You passively map the area around you.
You are easily found by Zot.
You glow in the dark.
You regain HP and MP as you explore.


Message History

A nearby plant withers and dies. x2
A nearby plant withers and dies.
c - 3 potions of degeneration (gained 1)
You now have 262 gold pieces (gained 5).
y - a scroll labelled KIPHADGH QOXUK
As you read the scroll labelled KIPHADGH QOXUK, it crumbles to dust.
The scroll dissolves into smoke.
It was a scroll of fog.
There is an open door here.
You enter the shallow water.
Moving in this stuff is going to be slow.
You open the door.
The electric eel shoots out a bolt of lightning at you!
The bolt of electricity hits you!
Casting: Fulminant Prism (dangerous; 1% risk of failure)
Confirm with . or Enter, or press ? or * to list all spells.
Aiming: Fulminant Prism (dangerous; 1% risk of failure)
Press: ? - help, Dir - move target
Okay, then.
The electric eel shoots out a bolt of lightning at you!
The bolt of electricity hits the plant!
The plant begins to die.
The bolt of electricity hits you!
The electric eel shoots out a bolt of lightning at you!
The bolt of electricity hits the plant!
The plant begins to die.
The bolt of electricity misses you.
The electric eel shoots out a bolt of lightning at you!
The bolt of electricity hits you!
* * * LOW HITPOINT WARNING * * *
There is an open door here.
Okay, then.
Okay, then.
You feel better.
The electric eel shoots out a bolt of lightning at you!
The bolt of electricity hits the plant!
The bolt of electricity hits you!
* * * LOW HITPOINT WARNING * * *
The electric eel shoots out a bolt of lightning at you!
The bolt of electricity hits the plant!
The bolt of electricity hits you.
* * * LOW HITPOINT WARNING * * *
The electric eel shoots out a bolt of lightning at you!
The bolt of electricity hits you.
You die...

,*, * #~#.§§§§.≈≈#.#
#..(# , *
#~#§§§§§§†≈#.# #...#
,, , , *#.#§§§§§§≈≈#)#
#...# *
#..#§§§§§≈##~#####...#
* *
##.##########~##..[([.
* *,
#~~##...~(S##~#......
,##~#...PP!S≈#~#......
* * ,
#~#.....?[S#.###...# *
* #.#@..PP~≈≈#.###...#
, #..#.....≈##'##.....
* ##.########...#.....
, * * ### #..##..... ,
, , * , , #......... ,
, * *, ####.###.#.#. ,
, * #....###.#.#. *
,,* ,* * *
#.#.......... ,, * ,
#....##....##


You could see 3 electric eels.

Vanquished Creatures
  Grinder (D:3)
  2 yaks
  A steam dragon (D:6)
  A sky beast (D:6)
  2 ice beasts
  5 black bears
  2 centaurs
  2 phantoms (D:5)
  A kobold brigand (D:6)
  A bullfrog (D:7)
  7 scorpions (D:6)
  3 electric eels (D:5)
  A hound (D:6)
  4 jellies
  2 orc priests
  2 gnoll boudas
  Terence (D:3)
  2 sleepcaps
  2 iguanas
  An orc wizard (D:7)
  9 gnolls
  5 adders
  2 ufetubi
  A worm (D:2)
  4 dart slugs (D:1)
  13 orcs
  5 endoplasms
  2 giant cockroaches (D:4)
  7 goblins
  3 hobgoblins
  4 jackals
  7 kobolds
  2 quokkas (D:1)
  5 ball pythons
  12 bats
  2 frilled lizards
  3 rats
129 creatures vanquished.

Vanquished Creatures (collateral kills)
  A hound (D:5)
  A dart slug (D:5)
2 creatures vanquished.

Vanquished Creatures (others)
  14 fulminant prisms
  14 fungi (D:6)
  3 plants (D:5)
31 creatures vanquished.

Grand Total: 162 creatures vanquished

Notes
Turn   | Place    | Note
-------+----------+-------------------------------------------
     0 | D:1      | PurpleRed the Meteoran Conjurer began the quest for the
                  | Orb.
     0 | D:1      | Reached XP level 1. HP: 14/14 MP: 5/5
   105 | D:1      | Reached skill level 5 in Conjurations
   119 | D:1      | Reached XP level 2. HP: 17/20 MP: 2/7
   169 | D:1      | Learned a level 2 spell: Searing Ray
   250 | D:1      | Reached XP level 3. HP: 26/26 MP: 5/8
   501 | D:1      | Glimpsed the power of Zot.
   556 | D:2      | Reached XP level 4. HP: 33/33 MP: 5/10
   652 | D:2      | You fall into a shaft and drop 1 floor!
   674 | D:3      | Learned a level 4 spell: Fulminant Prism
   679 | D:3      | Learned a level 4 spell: Iskenderun's Mystic Blast
   703 | D:3      | Noticed Terence
   713 | D:3      | Killed Terence
   714 | D:3      | Reached skill level 1 in Hexes
   734 | D:3      | Reached XP level 5. HP: 35/38 MP: 5/12
   798 | D:2      | Found a white marble altar of Elyvilon.
   889 | D:3      | Noticed Grinder
   900 | D:3      | Killed Grinder
   901 | D:3      | Reached skill level 5 in Spellcasting
   901 | D:3      | Reached skill level 6 in Conjurations
   901 | D:3      | Reached XP level 6. HP: 25/45 MP: 1/15
   933 | D:3      | Found an iron altar of Okawaru.
   947 | D:3      | Found a runed translucent gate.
   947 | D:3      | Found a runed translucent gate.
   947 | D:3      | Found a runed translucent gate.
   948 | D:3      | Noticed Caerwyn's ghost (amateur DjEE)
  1014 | D:4      | Reached XP level 7. HP: 50/50 MP: 7/16
  1211 | D:5      | Entered Level 5 of the Dungeon
  1218 | D:5      | Reached skill level 7 in Conjurations
  1399 | D:5      | Found a large runed translucent door.
  1399 | D:5      | Found a large runed translucent door.
  1405 | D:5      | Reached XP level 8. HP: 49/57 MP: 14/19
  1407 | D:5      | Noticed PublicAnimeNo1's ghost (novice NaEn)
  1547 | D:5      | Reached skill level 8 in Conjurations
  1664 | D:6      | Noticed a steam dragon
  1678 | D:6      | Killed a steam dragon
  1679 | D:6      | Reached skill level 9 in Conjurations
  1717 | D:6      | Found a sparkling altar of Nemelex Xobeh.
  1785 | D:6      | Gained mutation: You passively map the area around you.
                  | [Meteoran growth]
  1785 | D:6      | Reached XP level 9. HP: 62/62 MP: 14/22
  1822 | D:6      | Reached skill level 10 in Conjurations
  1843 | D:6      | Found the +11 Singing Sword {sonic wave}
  1961 | D:6      | Reached skill level 10 in Spellcasting
  1988 | D:6      | Found a bloodstained altar of Trog.
  2053 | D:7      | Noticed Maggie
  2136 | D:7      | Found a glowing silver altar of Zin.
  2174 | D:7      | Reached skill level 11 in Conjurations
  2184 | D:7      | Reached XP level 10. HP: 19/69 MP: 13/25
  2282 | D:7      | Found a basalt altar of Yredelemnul.
  2593 | D:5      | Reached skill level 12 in Conjurations
  2621 | D:5      | HP: 2/69 [electric eel/bolt of electricity (4)]
  2621 | D:5      | Killed from afar by an electric eel

Illustrated notes

Levels and vault maps discovered:
D:1:      elethiomel_arrival_maze, layout_basic
D:2:      layout_basic, basic_altar, hellmonk_ecumenical_altar_watching_god,
          grunt_decor_one_mirror, dreamdust_wishing_well
D:3:      layout_basic, hellmonk_okawaru_the_only_friend_you_need,
          ebering_ghost_rock_garden, uniq_terence, uniq_ijyb, uniq_grinder
D:4:      layout_basic
D:5:      cheibrodos_two_vegetables, layout_loops_cross,
          minmay_temple_entry_trees, ebering_ghost_disaster_area
D:6:      old_forge, layout_basic, nemelex_spade_bored_becter,
          mainiacjoe_overflow_alcove_1, uniq_duvessa
D:7:      layout_loops_ring, zin_statuary, nicolae_overflow_crystal_walls,
          uniq_maggie
D:8:      layout_loops_cross, serial_shops, nicolae_shop_behind_doors,
          uniq_grum, uniq_prince_ribbit1

Skill      XL: |  1  2  3  4  5  6  7  8  9 10 |
---------------+-------------------------------+-----
Conjurations   | 5 6 7 9 11 12 | 12.0
Spellcasting   | 3 4 5 6 8 10 11 | 11.3
Hexes          | 1 3 |  3.0
Dodging        | |  2.4
Stealth        | |  1.4

Action                     |  1- 3 |  4- 6 |  7- 9 | 10-12 || total
---------------------------+-------+-------+-------+-------++-------
  Melee: Unarmed           |     1 |       |       |       ||     1
         Short sword       |    19 |     7 |    28 |       ||    54
         Double sword      |       |       |     9 |    16 ||    25
   Cast: Magic Dart        |    41 |    13 |    12 |       ||    66
         Searing Ray       |     1 |    10 |    31 |     1 ||    43
         Fulminant Prism   |       |       |    10 |     4 ||    14
         Iskenderun's Myst |       |       |     1 |     4 ||     5
    Use: Scroll            |       |       |    14 |     4 ||    18
         Potion            |       |       |       |     1 ||     1
 Armour: Robe              |     8 |     2 |    18 |       ||    28
         Steam dragon scal |       |       |    31 |    20 ||    51
  Dodge: Dodged            |    16 |     7 |    62 |    19 ||   104
  Block: Other             |       |     3 |       |       ||     3
